 Dungeon Crawl Stone Soup version 0.28-a0-980-g3664467d6e (webtiles) character file.

Game seed: 324363359384609692

867 Ijustatesigmund the Chopper (level 8, -7/73 HPs)
             Began as a Hill Orc Fighter on Dec 2, 2021.
             Mangled by Menkaure (13 damage)
             ... on level 5 of the Dungeon.
             The game lasted 00:07:49 (6025 turns).

Ijustatesigmund the Chopper (Hill Orc Fighter)      Turns: 6025, Time: 00:07:49

Health: -7/73      AC:  7    Str: 25    XL:     8   Next: 3%
Magic:  8/8        EV:  8    Int: 10    God:
Gold:   77         SH:  5    Dex: 10    Spells: 7/7 levels left

rFire   . . .      SeeInvis .   a - +0 war axe (vamp)
rCold   . . .      Faith    .   c - +0 buckler
rNeg    . . .      Spirit   .   b - +0 chain mail
rPois   .          Reflect  .   (no helmet)
rElec   .          Harm     .   k - +1 cloak
rCorr   .          Rampage  .   (no gloves)
Will    +....                   (no boots)
Stlth   ..........              (no amulet)
HPRegen 0.22/turn               m - +6 ring of strength
MPRegen 0.11/turn               d - ring of willpower

@: corroded, invisible
A: no striking features
a: no special abilities


You were on level 5 of the Dungeon.
You visited 1 branch of the dungeon, and saw 5 of its levels.

You collected 113 gold pieces.
You spent 36 gold pieces at shops.

Inventory:

Hand Weapons
 a - a +0 vampiric war axe (weapon)
 e - a +1 spear of venom
Armour
 b - a +0 chain mail (worn)
 c - a +0 buckler (worn)
 k - a +1 cloak (worn)
Jewellery
 d - a ring of willpower (right hand)
 m - a +6 ring of strength (left hand)
Wands
 f - a wand of iceblast (6)
Potions
 j - 2 potions of brilliance


   Skills:
 + Level 7.0 Fighting
 + Level 7.1 Axes
 - Level 3.2 Armour
 + Level 1.8 Dodging
 - Level 5.8 Shields


You had 7 spell levels left.
You didn't know any spells.
Your spell library contained the following spells:

 Spells                   Type           Power      Damage    Failure   Level
 Summon Small Mammal      Summ           0%         N/A       95%         1
 Call Canine Familiar     Summ           0%         N/A       100%        3
 Summon Guardian Golem    Hex/Summ       0%         N/A       100%        3


Dungeon Overview and Level Annotations

Branches:
Dungeon (5/15)
 Temple: D:4-7

Altars:
The Shining One

Shops:
D:2 (*

Annotations:
D:5 1 runed translucent door, Menkaure


Message History

The jelly hits you but does no damage.
You hit the jelly.
You feel better. The acid corrodes you!
Your hands burn!
The jelly is severely wounded.
The jelly hits you.
You are splashed with acid!
The jelly hits you.
You are splashed with acid!
You hit the jelly but do no damage.
Your hands burn!
The jelly is severely wounded.
The jelly hits you but does no damage.
You barely miss the jelly.
The jelly is severely wounded.
The jelly hits you. The acid corrodes you!
You are splashed with acid!
You are too injured to fight recklessly!
You fade into invisibility!
The jelly hits you.
You are splashed with acid!
* * * LOW HITPOINT WARNING * * *
Menkaure, Prince of Dust comes into view.
Menkaure shouts!
Menkaure calls on the powers of darkness!
Your body is wracked with pain!
* * * LOW HITPOINT WARNING * * *
Menkaure calls on the powers of darkness!
Your body is wracked with pain!
* * * LOW HITPOINT WARNING * * *
You aren't carrying any scrolls.
Your magical effects are unravelling.
You feel magically purged.
You flicker back into view.
You are no longer corroded.
The jelly hits you but does no damage.
You fade into invisibility!
Menkaure points at you and mumbles some strange words.
You resist with some effort. The jelly hits you but does no damage.
You hit the jelly.
Your hands burn!
* * * LOW HITPOINT WARNING * * *
The jelly is almost dead.
The jelly hits you but does no damage.
You hit the jelly. The acid corrodes you!
Your hands burn!
* * * LOW HITPOINT WARNING * * *
The jelly is almost dead.
You hit Menkaure. The jelly closely misses you. Menkaure hits you!
You die...

# #.##.#...^...........# #. #
#.##........#####.#### #. #
#....<.....## #.# #. #
###.....#### ##.## #. #
#.....##### ##...## ####. #
##........###.....## #.... #
#..#.###[##.......## ##.##.
######.....##.#.........####...#.
...............J@M...............
.#####.....##.#.........####...#.
.# #.##..##.##.......## ##.##. .#
#.###.##.###.....## ####. .#
#.###.##.# ##...## #. .#
#........# ##.## #. .#
#####.########.### #. .# #.#
#.......# .. .# #.# #.###.#.#


You could see Menkaure and a jelly.

Vanquished Creatures
  A water moccasin (D:5)
  A necrophage (D:5)
  2 ogres
  2 phantoms (D:4)
  A scorpion (D:5)
  A hound (D:5)
  An orc priest (D:3)
  2 centaur skeletons
  An orc wizard (D:3)
  8 adders
  An ufetubus (D:4)
  An adder zombie (D:5)
  A dart slug (D:2)
  4 orcs
  7 bats
  4 endoplasms
  7 giant cockroaches
  5 goblins
  6 hobgoblins
  16 jackals
  6 kobolds
  3 quokkas
  12 ball pythons
  4 frilled lizards
  4 rats
101 creatures vanquished.

Notes
Turn   | Place    | Note
-------+----------+-------------------------------------------
     0 | D:1      | Ijustatesigmund the Hill Orc Fighter began the quest for
                  | the Orb.
     0 | D:1      | Reached XP level 1. HP: 19/19 MP: 1/1
    41 | D:1      | Reached XP level 2. HP: 17/27 MP: 2/2
   359 | D:1      | Found a faded altar of an unknown god.
   891 | D:2      | Reached XP level 3. HP: 30/33 MP: 3/3
   953 | D:2      | HP: 1/33 [adder (2)]
  1357 | D:2      | Found Xenubin's Antique Weapon Shoppe.
  1486 | D:2      | Reached XP level 4. HP: 33/41 MP: 4/4
  1599 | D:2      | Found Qerrengy's Assorted Antiques.
  1608 | D:2      | Bought a cyan potion for 18 gold pieces
  1608 | D:2      | Bought a cyan potion for 18 gold pieces
  2604 | D:3      | Reached XP level 5. HP: 47/47 MP: 5/5
  2913 | D:3      | Reached skill level 5 in Fighting
  3445 | D:3      | Found a glowing golden altar of the Shining One.
  3742 | D:4      | Noticed an ogre
  3750 | D:4      | Killed an ogre
  3751 | D:4      | Reached skill level 5 in Axes
  3751 | D:4      | Reached skill level 5 in Shields
  3751 | D:4      | Reached XP level 6. HP: 56/56 MP: 6/6
  4242 | D:4      | Reached XP level 7. HP: 14/63 MP: 7/7
  4696 | D:5      | Entered Level 5 of the Dungeon
  5227 | D:5      | Reached skill level 1 in Dodging
  5657 | D:5      | Found a runed translucent door.
  5914 | D:5      | Reached XP level 8. HP: 73/73 MP: 8/8
  6018 | D:5      | Noticed Menkaure
  6025 | D:5      | Mangled by Menkaure

Illustrated notes

Levels and vault maps discovered:
D:1:      dpeg_arrival_rooms_b, layout_basic, serial_corexii_hall,
          chequers_hall_statues_wall_a, corexii_hall_statues_deadend,
          dreamdust_ecumenical_altar_statues
D:2:      layout_basic, serial_shops, nicolae_shop_advertising_works
          [nicolae_subvault_shop_adworks], shop
D:3:      minmay_angry_zag, layout_basic, lemuel_coloured_pillars_altar
D:4:      layout_basic, serial_rivers, chequers_serial_rivers_small_a,
          chequers_serial_rivers_micro_b, chequers_serial_rivers_marsh,
          chequers_serial_rivers_micro_d, amcnicky_mini_rare_corridor_liquid
D:5:      layout_loops_corners, uniq_menkaure, uniq_crazy_yiuf_cottage

Skill      XL: |  1  2  3  4  5  6  7 |
---------------+----------------------+-----
Axes           | 3 4 5 6 7 |  7.1
Fighting       | 4 5 6 7 |  7.0
Shields        | 4 5 |  5.8
Dodging        | 1 |  1.8
Armour         | |  3.2

Action                   |  1- 3 |  4- 6 |  7- 9 || total
-------------------------+-------+-------+-------++-------
Melee: War axe           |   104 |   167 |    51 ||   322
Evoke: Wand              |       |       |     2 ||     2
  Use: Potion            |     1 |     1 |     3 ||     5
       Scroll            |       |    12 |     3 ||    15
Armor: Scale mail        |    64 |    77 |    18 ||   159
       Skin              |       |     3 |       ||     3
       Chain mail        |       |       |     6 ||     6
Dodge: Dodged            |    74 |    90 |    19 ||   183
Block: Buckler           |    34 |    39 |     8 ||    81

Table legend: (Time is in decaauts)
 A = Elapsed time spent in this place.
 B = Non-inter-level travel time spent in this place.
 C = Inter-level travel time spent in this place.
 D = Time resting spent in this place.
 E = Time spent auto-exploring this place.
 F = Levels seen in this place.
 G = Mean time per level.
                   A        B        C        D        E       F      G
               +--------+--------+--------+--------+--------+-----+--------+
         Total |   6119 |   5890 |    229 |   1960 |   3115 |   5 | 1223.8 |
       Dungeon |   6119 |   5890 |    229 |   1960 |   3115 |   5 | 1223.8 |
               +--------+--------+--------+--------+--------+-----+--------+

Top non-repeatable levels by time:
     D:3: 1509 daAuts
     D:4: 1254 daAuts
     D:5: 1253 daAuts
     D:2: 1202 daAuts
     D:1: 900 daAuts
